 Dungeon Crawl Stone Soup version 0.29-a0-542-g075992c915 (webtiles) character file.

Game seed: 7971623726561230342

2096 oldmanjim the Cleaver (level 9, -3/79 HPs)
             Began as a Hill Orc Fighter on June 4, 2022.
             Slain by Menkaure (12 damage)
             ... on level 6 of the Dungeon.
             The game lasted 00:28:33 (9214 turns).

oldmanjim the Cleaver (Hill Orc Fighter)            Turns: 9214, Time: 00:28:33

Health: -3/79      AC: 10    Str: 27    XL:     9   Next: 27%
Magic:  9/9        EV: 12    Int:  8    God:
Gold:   312        SH:  5    Dex: 16    Spells: 8/8 levels left

rFire   . . .      SeeInvis .   a - +2 mace of Precise Incision {vorpal, rPois Str+4}
rCold   . . .      Faith    .   c - +0 buckler
rNeg    . . .      Spirit   .   I - +0 chain mail
rPois   +          Reflect  .   (no helmet)
rElec   .          Harm     .   C - +0 cloak
rCorr   .          Rampage  .   (no gloves)
Will    .....                   (no boots)
Stlth   ..........              r - amulet of the acrobat
HPRegen 0.23/turn               B - +6 ring of dexterity
MPRegen 0.11/turn               E - +4 ring of evasion

@: no status effects
A: no striking features
a: no special abilities


You were on level 6 of the Dungeon.
You visited 2 branches of the dungeon, and saw 7 of its levels.
You also visited: Sewer.

You collected 312 gold pieces.

Inventory:

Hand Weapons
 a - the +2 mace of Precise Incision (weapon) {vorpal, rPois Str+4}
   (You found it on level 6 of the Dungeon)

   It inflicts extra damage upon your enemies.
   Str:       It affects your strength (+4).
   rPois:     It protects you from poison.
 b - a +0 hunting sling
 o - a +0 war axe
Missiles
 e - 8 boomerangs
 i - 191 stones
 q - 3 atropa-tipped darts
 s - 15 poisoned darts (quivered)
Armour
 c - a +0 buckler (worn)
 C - a +0 cloak (worn)
 I - a +0 chain mail (worn)
Jewellery
 r - an amulet of the acrobat (around neck)
 B - a +6 ring of dexterity (left hand)
 E - a +4 ring of evasion (right hand)
Wands
 y - a wand of flame (18)
 D - a wand of digging (2)
Scrolls
 f - a scroll of summoning {unknown}
 h - a scroll of torment
 l - a scroll of magic mapping {unknown}
 m - a scroll of teleportation
 n - a scroll of enchant weapon {unknown}
 w - a scroll of vulnerability {unknown}
 z - a scroll of amnesia {unknown}
 A - a scroll of blinking {unknown}
 G - 2 scrolls of immolation {unknown}
 H - a scroll of enchant armour {unknown}
Potions
 d - 2 potions of might
 g - 4 potions of curing
 j - a potion of mutation
 k - a potion of cancellation
 p - 4 potions of berserk rage
 u - 3 potions of heal wounds
 v - a potion of lignification
 x - a potion of brilliance {unknown}
 F - a potion of flight {unknown}


   Skills:
 - Level 7.0 Fighting
 + Level 12.8 Axes
 - Level 3.2 Armour
 - Level 5.0 Shields
 - Level 3.0 Evocations


You had 8 spell levels left.
You didn't know any spells.
Your spell library contained the following spells:

 Spells                   Type           Power      Damage    Failure   Level
 Necrotize                Necr           0%         1d4       98%         1
 Sting                    Tmut/Pois      0%         1d3       98%         1
 Poisonous Vapours        Pois/Air       0%         N/A       99%         2
 Vampiric Draining        Necr           0%         2d6       100%        3
 Olgreb's Toxic Radiance  Pois           0%         N/A       100%        4
 Agony                    Necr           0%         N/A       100%        5


Dungeon Overview and Level Annotations

Branches:
Dungeon (6/15)             Temple (1/1) D:4           Sewer (visited)

Altars:
Ashenzari
Cheibriados
Dithmenos
Elyvilon
Fedhas
Gozag
Hepliaklqana
Kikubaaqudgha
Makhleb
Okawaru
Ru
Sif Muna
Trog
Uskayaw
Vehumet
Wu Jian
Xom
Yredelemnul
Zin
The Shining One

Annotations:
D:3 2 runed translucent doors, exclusion: 2 doors, CowFu's ghost, amateur MeFi
D:6 Menkaure


Message History

Your life force feels restored.
d - 2 potions of might (gained 1)
You open the door.
There is an open door here.
You open the door.
There is an open door here.
You open the door.
There is an open door here.
There is an open door here.
Menkaure, Prince of Dust comes into view.
Menkaure shouts!
Menkaure shouts, "The sands of time shall wipe you from history!"
Menkaure casts a spell.
Menkaure seems to speed up.
You sock Menkaure!
Menkaure is heavily damaged.
Menkaure calls on the powers of darkness!
Your body is wracked with pain!
You barely miss Menkaure.
Menkaure is heavily damaged.
Menkaure points at you and mumbles some strange words.
Pain shoots through your body! You block Menkaure's attack.
You are too injured to fight recklessly!
Menkaure is nearby!
You hit Menkaure.
Menkaure is severely damaged.
Menkaure closely misses you.
You hit Menkaure.
Menkaure is almost destroyed.
Menkaure hits you!!
* * * LOW HITPOINT WARNING * * *
You barely miss Menkaure.
Menkaure is almost destroyed.
Menkaure calls on the powers of darkness!
Your body is wracked with pain!
* * * LOW HITPOINT WARNING * * *
You hit Menkaure.
Menkaure is almost destroyed.
Menkaure hits you!
You die...

##.#. ##..#.
#####...#.
############.......'.
#..........#.......#.
#.........<'.......#.
#...##.....#.......#.
#...##.....#.......#.
#..M@......#.......#.
#..........#.......#.
#..###.##..#.......#.
#.. #.#####.......#.
#. ..# #.......#. #.
...# #.......#. #
#...# #.......'.
##### #.......##
#########


You could see Menkaure (fast).

Vanquished Creatures
  Grinder (D:6)
  Eustachio (D:5)
  Duvessa (D:6)
  A water moccasin (D:5)
  Pargi (Sewer)
  A centaur (D:5)
  An ogre (D:6)
  A phantom (D:6)
  A bullfrog (D:6)
  A necrophage (D:5)
  2 scorpions
  3 wights
  Dowan (D:6)
  3 jellies
  3 howler monkeys
  Crazy Yiuf (D:6)
  3 hounds
  An iguana (D:3)
  8 orc wizards
  7 adders
  4 gnolls (D:3)
  A shadow imp (D:6)
  A white imp (D:6)
  3 worms
  A dart slug (D:4)
  11 orcs
  7 bats
  4 endoplasms
  7 giant cockroaches
  7 goblins
  7 hobgoblins
  4 jackals (D:2)
  10 kobolds
  6 quokkas
  2 ball pythons
  3 frilled lizards
  8 rats
128 creatures vanquished.

Notes
Turn   | Place    | Note
-------+----------+-------------------------------------------
     0 | D:1      | oldmanjim the Hill Orc Fighter began the quest for the Orb.
     0 | D:1      | Reached XP level 1. HP: 19/19 MP: 1/1
   109 | D:1      | Reached skill level 3 in Axes
   109 | D:1      | Reached XP level 2. HP: 26/27 MP: 2/2
   629 | D:1      | Reached XP level 3. HP: 33/33 MP: 3/3
  1463 | D:2      | Reached XP level 4. HP: 40/40 MP: 4/4
  1693 | D:2      | Found a faded altar of an unknown god.
  1907 | D:3      | Found a large runed translucent door.
  1907 | D:3      | Found a large runed translucent door.
  1909 | D:3      | Noticed CowFu's ghost (amateur MeFi)
  2290 | D:3      | Reached skill level 4 in Axes
  2631 | D:3      | Reached XP level 5. HP: 39/47 MP: 5/5
  3397 | D:4      | Reached skill level 5 in Shields
  3405 | D:3      | HP: 1/47 [iguana (12)]
  3408 | D:3      | Reached skill level 5 in Fighting
  3702 | D:4      | Reached skill level 5 in Axes
  3874 | D:4      | Reached XP level 6. HP: 54/56 MP: 6/6
  3896 | D:4      | Reached skill level 6 in Axes
  4205 | D:4      | Reached skill level 7 in Axes
  4218 | D:4      | Reached XP level 7. HP: 26/61 MP: 7/7
  4572 | D:4      | Found a staircase to the Ecumenical Temple.
  4781 | D:4      | Reached skill level 8 in Axes
  5139 | Temple   | Entered the Ecumenical Temple
  5604 | D:5      | Entered Level 5 of the Dungeon
  5808 | D:5      | Found a glowing drain.
  5818 | Sewer    | Entered a sewer
  5851 | Sewer    | Noticed Pargi
  5867 | Sewer    | Killed Pargi
  5868 | Sewer    | Reached skill level 9 in Axes
  6165 | D:5      | Noticed Eustachio
  6180 | D:5      | Killed Eustachio
  6181 | D:5      | Reached skill level 10 in Axes
  6181 | D:5      | Reached skill level 1 in Evocations
  6181 | D:5      | Reached XP level 8. HP: 59/68 MP: 8/8
  7383 | D:6      | Found a runed translucent door.
  7384 | D:6      | Noticed Crazy Yiuf
  7394 | D:6      | Killed Crazy Yiuf
  7398 | D:6      | Identified the +2 mace of Precise Incision {vorpal, rPois
                  | Str+4}
  7517 | D:6      | Reached skill level 11 in Axes
  7598 | D:6      | Noticed Duvessa
  7598 | D:6      | Noticed Dowan
  7633 | D:6      | Killed Duvessa
  7758 | D:6      | Killed Dowan
  7898 | D:6      | Reached XP level 9. HP: 75/79 MP: 9/9
  8374 | D:6      | Noticed Grinder
  8379 | D:6      | Paralysed by Grinder for 2 turns
  8387 | D:6      | Killed Grinder
  8388 | D:6      | Reached skill level 12 in Axes
  9205 | D:6      | Noticed Menkaure
  9214 | D:6      | Slain by Menkaure

Illustrated notes

Levels and vault maps discovered:
D:1:      dpeg_arrival_radiant, layout_loops_corners, nrook_campfire
D:2:      minmay_inner_zag, layout_basic, hellmonk_ecumenical_altar_arch_garden
D:3:      layout_basic, ebering_ghost_disaster_area
D:4:      layout_basic, temple_green
D:5:      layout_basic, gup_sewer_entry_bubbles, minmay_misc_feat_cross,
          chequers_serial_rivers_small_b, hex_intersection, minmay_statues_item,
          uniq_eustachio
D:6:      layout_gridville, nicolae_qazlal_scattered_showers,
          lemuel_round_altar, dk_noncrumbling_3, uniq_duvessa, uniq_edmund,
          uniq_pikel, uniq_menkaure, uniq_crazy_yiuf_cottage, uniq_grinder
Temple:   mainiacjoe_temple_big_plus

Skill      XL: |  1  2  3  4  5  6  7  8  9 |
---------------+----------------------------+-----
Axes           | 3 4 5 7 10 11 12 | 12.8
Fighting       | 4 5 7 |  7.0
Shields        | 4 5 |  5.0
Evocations     | 1 3 |  3.0
Armour         | |  3.2

Action                   |  1- 3 |  4- 6 |  7- 9 || total
-------------------------+-------+-------+-------++-------
Melee: War axe           |    93 |   129 |   166 ||   388
       Mace              |       |       |    83 ||    83
 Fire: Hunting sling     |       |    19 |    18 ||    37
Throw: Boomerang         |    16 |     8 |       ||    24
       Dart              |       |     3 |       ||     3
  Use: Scroll            |       |       |     8 ||     8
Armor: Scale mail        |    40 |    38 |    72 ||   150
       Chain mail        |       |       |    19 ||    19
Dodge: Dodged            |    46 |    49 |    89 ||   184
Block: Buckler           |    13 |    28 |    40 ||    81

Table legend: (Time is in decaauts)
 A = Elapsed time spent in this place.
 B = Non-inter-level travel time spent in this place.
 C = Inter-level travel time spent in this place.
 D = Time resting spent in this place.
 E = Time spent auto-exploring this place.
 F = Levels seen in this place.
 G = Mean time per level.
                   A        B        C        D        E       F      G
               +--------+--------+--------+--------+--------+-----+--------+
         Total |   9349 |   8996 |    353 |   1223 |   6288 |   8 | 1168.6 |
       Dungeon |   8772 |   8444 |    328 |   1223 |   5785 |   6 | 1462.0 |
        Temple |    416 |    391 |     25 |      0 |    381 |   1 |  416.0 |
         Sewer |    159 |    159 |      0 |      0 |    122 |   1 |  159.0 |
               +--------+--------+--------+--------+--------+-----+--------+

Top non-repeatable levels by time:
     D:5: 2065 daAuts
     D:3: 1772 daAuts
     D:4: 1553 daAuts
     D:6: 1433 daAuts
     D:1: 1116 daAuts
     D:2: 831 daAuts
  Temple: 416 daAuts
   Sewer: 159 daAuts
